cohdb
Replays
Latest Replays
All Replays
Popular Replays
Top Player Replays
Match Explorer
How It Works
Community
CoH3 Stats
Reddit
Sign in to upload your games and track your stats! →
Sign in with Steam
Match 41800549
Unlisted
Match 41800549
Overview
Messages
Build Orders
End
Construct Section Command Post
Royal Engineer Section
Selects Canadian Shock Battlegroup
Infantry Section
Infantry Section
Infantry Section
ML 3-inch Mortar Team
Selects Attacking Spirit
Selects Canadian Shock Section
Canadian Shock Section
Construct Platoon Command Post
Selects Incendiary Munitions
Grenade Package
Construct Field Infirmary
Selects Pyrotechnics
6-pounder Anti-tank Gun Team
Humber Armored Car
Canadian Shock Section
Construct Company Command Post
Matilda II Heavy Tank
Canadian Shock Section
Royal Engineer Section
Selects Demolition Engineering
Matilda II Heavy Tank
Selects Point Assault
Armored Vehicle Training
Matilda II Heavy Tank
Matilda II Heavy Tank
TidaL
BIGLEE
0
0
Comments
sign in to comment!
No comments posted yet!